 Dungeon Crawl Stone Soup version 0.23.0 (webtiles) character file.

Game seed: 11739264902879289831

3238 Gargoyl the Agent of Entropy (level 9, -3/75 HPs)
             Began as a Centaur Abyssal Knight on Feb 9, 2019.
             Was a Priest of Lugonu.
             Slain by a killer bee (4 damage)
             ... on level 8 of the Dungeon.
             The game lasted 00:14:24 (9056 turns).

Gargoyl the Agent of Entropy (CeAK)                 Turns: 9056, Time: 00:14:24

Health: -3/75      AC:  8    Str: 15    XL:     9   Next: 66%
Magic:  13/13      EV: 11    Int: 15    God:    Lugonu [***...]
Gold:   469        SH:  0    Dex: 12    Spells: 8/8 levels left

rFire    . . .     SeeInvis .   o - +9 club
rCold    + . .     Gourm    .   (no shield)
rNeg     . . .     Faith    .   d - +0 leather armour {rC+}
rPois    .         Spirit   .   u - +0 helmet
rElec    .         Reflect  .   q - +0 cloak {MR+}
rCorr    .         Harm     .   (no gloves)
MR       +....                  (no barding)
Stlth    +.........             (no amulet)
HPRegen  0.22/turn              y - +4 ring of intelligence
MPRegen  0.13/turn              e - +1 ring of protection

@: lethally poisoned (-3 -> -5), flying, very slightly contaminated, invisible,
very quick
A: large, hooves 3, deformed body, deterioration 1, speed 2, tough skin 3,
evolution 1
a: Depart the Abyss, Bend Space, Banish, Renounce Religion


You were on level 8 of the Dungeon.
You worshipped Lugonu.
Lugonu was most pleased with you.
You were not hungry.

You visited 1 branch of the dungeon, and saw 8 of its levels.
You visited the Abyss 1 time.

You collected 469 gold pieces.

Inventory:

Hand Weapons
 a - a +1 hand axe
 o - a +9 club (weapon)
Missiles
 m - 4 javelins (quivered)
Armour
 d - a +0 leather armour of cold resistance (worn)
 q - a +0 cloak of magic resistance (worn)
 u - a +0 helmet (worn)
Jewellery
 e - a +1 ring of protection (right hand)
 y - a +4 ring of intelligence (left hand)
Wands
 f - a wand of polymorph (1)
 h - a wand of clouds (7)
 p - a wand of disintegration (15)
 t - a wand of enslavement (9)
Scrolls
 i - 2 scrolls of fog
 j - a scroll of magic mapping
 k - a scroll of identify
 v - 4 scrolls of remove curse
Potions
 b - 3 potions of brilliance
 g - a potion of agility
Comestibles
 c - 12 rations


   Skills:
 + Level 5.9 Fighting
 + Level 2.8(4.4) Axes
 + Level 5.2(5.6) Maces & Flails
 + Level 2.3 Throwing
 * Level 4.9 Armour
 * Level 5.1 Dodging
 * Level 6.1 Invocations


You had 8 spell levels left.
You didn't know any spells.
Your spell library was empty.

Dungeon Overview and Level Annotations

Branches:
Dungeon (8/15)             Temple (0/1) D:5
   Lair: D:8-11

Altars:
Elyvilon
Fedhas
Gozag
Nemelex Xobeh
Okawaru
Uskayaw
Vehumet

Annotations:
D:6 2 transporters
D:7 exclusion: statue


Innate Abilities, Weirdness & Mutations

You have hooves in place of feet.
Armour fits poorly on your strangely shaped body.
You cover ground very quickly.
You have extremely tough skin. (AC +3)
Your body sometimes deteriorates upon taking damage.
You evolve.


Message History

Unknown command.
* * * LOW HITPOINT WARNING * * *
You feel sick. The killer bee closely misses you.
Unknown command.
* * * LOW HITPOINT WARNING * * *
You feel sick. The killer bee stings you.
* * * LOW HITPOINT WARNING * * *
Unknown command.
* * * LOW HITPOINT WARNING * * *
You feel sick.
The killer bee stings you but does no damage.
* * * LOW HITPOINT WARNING * * *
You feel sick.
Unknown command.
Unknown command.
Unknown command.
Unknown command.
Unknown command.
The killer bee stings you.
You die...

.)....#.#..#....#.#.# *,*,***
#####+#.#..#....#...# *,*,*
........#..#....##..# *,*,*
........#..#....#*..# *,*,*
#########..'...†#*#># *,*,*
...........#....#######**,*,*
...........#...........,,,*,*
...........#....########***,*
#########'##....@.......,,,,*
.........y.yy.yy############*
..........y................#
.(.........................#
###############...........)#
##############


You could see 6 killer bees.

Vanquished Creatures
  Maurice (D:8)
  A centaur skeleton (D:5)
  Prince Ribbit (D:7)
  Sigmund (D:6)
  Duvessa (D:6)
  An orc warrior (D:8)
  3 phantoms (D:4)
  A black bear (D:5)
  An ice beast (D:5)
  2 ogres (D:7)
  A centaur (D:6)
  A bullfrog (D:6)
  Blork the orc (D:5)
  Dowan (D:6)
  2 scorpions
  6 killer bees (D:7)
  A howler monkey (D:8)
  A crimson imp (D:6)
  A centaur zombie (D:5)
  A bullfrog skeleton (D:4)
  5 hounds
  A jelly (D:6)
  Crazy Yiuf (D:2)
  A gnoll shaman (D:6)
  An iguana (D:4)
  2 orc priests
  Jessica (D:2)
  Natasha (D:2)
  4 worker ants
  A hound skeleton (D:8)
  7 gnolls
  7 adders
  A shadow imp (D:6)
  An ooze (D:6)
  4 adder skeletons
  A worm (D:4)
  2 dart slugs
  4 leopard geckos
  11 orcs
  6 bats
  6 giant cockroaches
  5 goblins
  2 hobgoblins
  5 jackals
  5 quokkas
  A ball python (D:3)
  2 frilled lizards
  6 kobolds
  A quokka skeleton (D:4)
  7 rats
131 creatures vanquished.

Vanquished Creatures (others)
  2 starspawn tentacles (Abyss:2)
2 creatures vanquished.

Grand Total: 133 creatures vanquished

Notes
Turn   | Place    | Note
-------+----------+-------------------------------------------
     0 | Abyss:1  | Gargoyl the Centaur Abyssal Knight began the quest for the
                  | Orb.
     0 | Abyss:1  | Reached XP level 1. HP: 19/19 MP: 2/2
    85 | Abyss:2  | Noticed a smoke demon
   128 | Abyss:2  | Noticed a thrashing horror
   129 | Abyss:2  | Noticed a tentacled starspawn
   136 | Abyss:3  | Found a corrupted altar of Lugonu.
   140 | Abyss:3  | Found a sparkling altar of Nemelex Xobeh.
   161 | Abyss:3  | Gained mutation: You are clumsy. (Dex -2) [mutagenic glow]
   173 | Abyss:3  | Noticed a wind drake
   173 | Abyss:3  | Noticed a thrashing horror
   174 | D:1      | Escaped the Abyss
   394 | D:1      | Reached XP level 2. HP: 22/26 MP: 3/3
   617 | D:1      | Reached * piety under Lugonu
  1376 | D:2      | Noticed Jessica
  1377 | D:2      | Killed Jessica
  1377 | D:2      | Reached skill level 1 in Dodging
  1377 | D:2      | Reached XP level 3. HP: 31/31 MP: 4/4
  1509 | D:2      | Found a runed translucent door.
  1510 | D:2      | Noticed Crazy Yiuf
  1990 | D:2      | Noticed Natasha
  1996 | D:2      | Killed Natasha
  1996 | D:2      | Reached XP level 4. HP: 38/38 MP: 5/5
  2207 | D:2      | Killed Crazy Yiuf
  2661 | D:3      | Found a white marble altar of Elyvilon.
  2675 | D:3      | Reached XP level 5. HP: 27/46 MP: 7/7
  3554 | D:4      | Noticed a phantom
  3571 | D:4      | Found an iron altar of Okawaru.
  3594 | D:4      | Killed a phantom
  3594 | D:4      | Reached skill level 3 in Invocations
  3594 | D:4      | Reached XP level 6. HP: 33/52 MP: 8/8
  4050 | D:4      | Reached ** piety under Lugonu
  4084 | D:4      | Reached skill level 1 in Maces & Flails
  4325 | D:4      | Reached XP level 7. HP: 42/59 MP: 9/9
  4568 | D:5      | Entered Level 5 of the Dungeon
  4611 | D:5      | Noticed Blork the orc
  4717 | D:5      | Killed Blork the orc
  4738 | D:5      | Reached skill level 1 in Throwing
  4800 | D:5      | Reached skill level 4 in Invocations
  4868 | D:5      | Found a staircase to the Ecumenical Temple.
  4924 | D:5      | Reached XP level 8. HP: 63/67 MP: 11/11
  5363 | D:6      | Noticed Dowan
  5406 | D:6      | Noticed Duvessa
  5442 | D:6      | Killed Duvessa
  5445 | D:6      | Killed Dowan
  5731 | D:6      | Noticed Sigmund
  5921 | D:6      | Killed Sigmund
  5921 | D:6      | Reached skill level 5 in Fighting
  5921 | D:6      | Reached skill level 5 in Invocations
  6453 | D:6      | Found a hide-covered altar of Uskayaw.
  6454 | D:6      | Found a sparkling altar of Nemelex Xobeh.
  6455 | D:6      | Found an opulent altar of Gozag.
  6460 | D:6      | Found a transporter.
  6973 | D:6      | Found a transporter.
  7220 | D:7      | Noticed Prince Ribbit
  7236 | D:7      | Killed Prince Ribbit
  7236 | D:7      | Reached XP level 9. HP: 56/74 MP: 11/13
  7371 | D:7      | Reached *** piety under Lugonu
  7514 | D:7      | Found a blossoming altar of Fedhas.
  7658 | D:7      | Found a radiant altar of Vehumet.
  8493 | D:8      | Reached skill level 5 in Maces & Flails
  8518 | D:8      | Noticed Maurice
  8606 | D:8      | Killed Maurice
  8606 | D:8      | Reached skill level 5 in Dodging
  8606 | D:8      | Reached skill level 6 in Invocations
  9024 | D:8      | Lost mutation: You are clumsy. (Dex -2) [potion of
                  | mutation]
  9024 | D:8      | Gained mutation: Your body sometimes deteriorates upon
                  | taking damage. [potion of mutation]
  9024 | D:8      | Gained mutation: You evolve. [potion of mutation]
  9051 | D:8      | HP: 3/75 [killer bee (1)]
  9055 | D:8      | HP: 1/75 [poisoned by a killer bee]
  9056 | D:8      | Slain by a killer bee

Skill      XL: |  1  2  3  4  5  6  7  8  9 |
---------------+----------------------------+-----
Axes           | 2 |  2.8
Dodging        | 1 2 3 4 5 |  5.1
Armour         | 2 3 4 |  4.9
Invocations    | 3 4 5 6 |  6.1
Fighting       | 4 5 |  5.9
Maces & Flails | 1 2 4 5 |  5.2
Throwing       | 1 2 |  2.3

Action                   |  1- 3 |  4- 6 |  7- 9 || total
-------------------------+-------+-------+-------++-------
Melee: Hand axe          |    51 |       |       ||    51
       Kick              |     8 |    20 |    52 ||    80
       Club              |    13 |   113 |   264 ||   390
       Unarmed           |       |       |    15 ||    15
Throw: Javelin           |     1 |    11 |    10 ||    22
Invok: Depart the Abyss  |     1 |       |       ||     1
       Bend Space        |       |       |     1 ||     1
  Use: Potion            |     1 |     1 |    11 ||    13
       Scroll            |     2 |     9 |     7 ||    18
 Stab: Invisible         |       |       |     2 ||     2
       Distracted        |       |       |     1 ||     1
  Eat: Chunk             |     1 |     4 |     9 ||    14
       Ration            |       |     1 |     2 ||     3
Armor: Leather armour    |    47 |    36 |   109 ||   192
       Skin              |       |       |     3 ||     3
Dodge: Dodged            |    46 |    54 |   186 ||   286
